Map: Heavy Artillery LE

Players

MattBarry - Winner!

  • Race: Protoss Protoss
  • League: Gold
  • Spawn Location: 7:00

MattBarry - Winner!

  • Race: Zerg Zerg
  • League: Gold
  • Spawn Location: 7:00

Hailion

  • Race: Zerg Zerg
  • Spawn Location: 1:00

ShroomSensei

  • Race: Zerg Zerg
  • League: Bronze
  • Spawn Location: 3:00

VOD

Have the link to the VOD?

Description

Time

  • Played on: Jan. 21, 2023, 4:41 a.m.
  • Length: 9:38
Show
View Real Time Build Order
Export as new Build Order

MattBarry Protoss - Winner!

Build Orders: Mass Adepts 

Get SALT Encoding   

  12  0:00  Probe  
  13  0:12  Probe  
  14  0:17  Pylon  
  14  0:24  Probe  
  15  0:36  Probe  
  15  0:37  Gateway  
  16  0:49  Probe  
  17  0:53  Assimilator  
  17  1:01  Probe  
  18  1:13  Probe  
  19  1:22  Pylon  
  19  1:25  Cybernetics Core, Zealot  
  21  1:27  Probe  
  22  1:39  Probe  
  23  1:51  Probe  
  24  1:55  Nexus  
  24  2:00  Warp Gate  
  24  2:04  Adept  
  24  2:07  Probe  
  27  2:13  Assimilator  
  27  2:27  Probe  
  28  2:33  Pylon  
  28  2:39  Probe  
  28  2:41  Pylon  
  28  2:42  Adept (Chrono Boost)  
  31  2:51  Probe  
  32  2:58  Gateway  
  32  3:03  Probe  
  32  3:05  Adept  
  35  3:13  Gateway  
  35  3:18  Probe  
  36  3:22  Probe  
  37  3:30  Probe  
  39  3:34  Probe  
  39  3:45  Forge  
  39  3:50  Probe x2  
  39  3:51  Adept  
  39  3:53  Adept  
  45  4:02  Probe x2  
  47  4:03  Pylon  
  47  4:07  Adept  
  49  4:13  Adept  
  49  4:14  Adept  
  53  4:23  Protoss Ground Weapons Level 1 (Chrono Boost)  
  53  4:28  Robotics Facility  
  53  4:30  Pylon  
  53  4:35  Adept  
  53  4:36  Adept x2  
  59  4:50  Probe x2  
  61  4:54  Assimilator  
  61  4:58  Assimilator  
  61  4:59  Pylon  
  61  5:02  Probe  
  61  5:03  Probe  
  59  5:44  Stalker x2  
  59  5:46  Stalker  
  59  5:48  Observer  
  59  5:49  Photon Cannon  
  66  5:52  Pylon  
  66  5:53  Photon Cannon  
  60  5:59  Twilight Council  
  48  6:15  Stalker x3  
  52  6:19  Protoss Ground Armor Level 1 (Chrono Boost)  
  52  6:31  Gateway  
  52  6:32  Gateway  
  52  6:33  Gateway  
  52  6:38  Stalker x2, Blink  
  52  6:39  Stalker  
  58  6:43  Photon Cannon  
  58  7:05  Stalker x3  
  64  7:17  Warp Prism  
  64  7:21  Nexus  
  66  7:23  Pylon  
  66  7:26  Pylon  
  66  7:31  Stalker x4  
  66  7:33  Stalker  
  76  7:39  Stalker  
  78  7:47  Photon Cannon  
  78  8:03  Probe x2  
  80  8:12  Stalker  
  82  8:15  Probe x2  
  82  8:16  Stalker  
  86  8:27  Probe  
  87  8:39  Probe x2  
  87  8:40  Probe  
  90  8:47  Stalker x4  
  98  8:51  Probe  
  98  8:52  Probe x2  
  101  9:19  Stalker  
  101  9:20  Stalker x5  
Show
View Real Time Build Order
Export as new Build Order

MattBarry Zerg - Winner!

Build Orders: Pool First 

Get SALT Encoding   

  12  0:00  Drone  
  13  0:08  Drone  
  14  0:19  Drone, Extractor  
  14  0:25  Drone, Extractor  
  15  0:39  Spawning Pool  
  14  0:46  Overlord  
  14  0:53  Extractor  
  14  0:54  Drone  
  15  1:08  Drone  
  16  1:25  Hatchery  
  15  1:26  Zergling x2  
  15  1:29  Zergling x2  
  17  1:33  Zergling x2  
  18  1:40  Metabolic Boost  
  18  1:50  Queen  
  20  1:59  Drone  
  20  2:00  Drone  
  22  2:04  Overlord  
  22  2:26  Zergling x2  
  22  2:27  Zergling x2  
  23  2:45  Zergling x6  
  23  2:49  Queen  
  28  3:02  Zergling x2  
  28  3:03  Zergling x10, Baneling Nest  
  33  3:12  Spine Crawler  
  32  3:18  Evolution Chamber  
  32  3:19  Drone  
  32  3:20  Drone  
  33  3:29  Drone  
  33  3:30  Drone  
  27  3:56  Zergling x4  
  27  3:57  Zergling x8  
  31  4:12  Drone  
  31  4:13  Drone x3  
  35  4:17  Zergling x2  
  35  4:28  Overlord x2  
  35  4:48  Roach Warren  
  34  4:52  Baneling Nest  
  34  4:59  Overlord x2  
  32  5:25  Lair  
  32  5:27  Spore Crawler  
  30  5:30  Spore Crawler, Queen  
  28  5:48  Zergling x2  
  28  5:49  Zergling x14  
  33  5:52  Zergling x2  
  33  6:05  Queen  
  33  6:09  Drone x4  
  39  6:27  Extractor  
  39  6:30  Zergling x2, Drone x3  
  39  6:31  Zergling x2  
  40  6:49  Queen x2  
  39  7:09  Spire  
  39  7:14  Glial Reconstitution  
  37  7:17  Drone x4  
  37  7:18  Drone  
  37  7:47  Hydralisk Den  
  37  7:48  Spore Crawler  
  37  7:50  Spore Crawler  
  34  7:51  Queen  
  34  7:53  Spore Crawler  
  34  7:57  Spore Crawler  
  34  8:18  Infestation Pit  
  33  8:20  Extractor  
  33  8:22  Extractor  
  33  9:14  Drone x11  
Show
View Real Time Build Order
Export as new Build Order

Hailion Zerg 

Build Orders: Pool First 

Get SALT Encoding   

  12  0:08  Overlord  
  12  0:18  Drone x2  
  14  0:24  Extractor  
  14  0:25  Extractor  
  14  0:27  Drone  
  13  0:35  Drone  
  14  0:53  Spawning Pool  
  13  1:00  Drone x2  
  15  1:10  Drone  
  16  1:14  Drone  
  17  1:24  Drone  
  18  1:36  Drone  
  19  1:40  Lair  
  19  1:46  Drone  
  20  2:30  Zergling x4  
  20  2:33  Overlord  
  20  2:36  Hatchery  
  17  3:02  Drone x2  
  19  3:12  Spire  
  18  3:27  Drone x3  
  20  3:53  Zergling x2  
  3  4:13  Drone x2  
  5  4:23  Drone  
  6  4:31  Drone x3  
  9  4:41  Mutalisk  
  11  4:51  Mutalisk  
  12  4:55  Mutalisk  
  14  5:26  Mutalisk x2  
  14  5:27  Mutalisk x4  
  25  5:46  Mutalisk  
  23  6:11  Mutalisk  
  25  6:25  Drone x3  
  18  7:38  Drone x3  
  18  7:42  Drone x3  
  24  7:53  Spawning Pool  
  23  8:12  Drone x3  
  26  8:19  Extractor  
  25  8:21  Extractor  
  25  8:22  Drone x3  
  27  8:46  Drone x3  
  30  8:57  Drone x3  
Show
View Real Time Build Order
Export as new Build Order

ShroomSensei Zerg 

Build Orders: Pool First 

Get SALT Encoding   

  12  0:02  Drone  
  13  0:08  Drone  
  14  0:31  Spawning Pool, Drone  
  14  0:38  Extractor  
  14  0:39  Drone  
  14  0:41  Drone, Extractor  
  16  0:51  Overlord  
  16  1:21  Drone  
  16  1:22  Drone x2  
  19  1:29  Extractor  
  19  1:32  Queen  
  20  1:45  Hatchery, Spine Crawler  
  18  1:48  Overlord  
  18  1:51  Drone  
  19  1:54  Drone  
  20  2:05  Drone  
  21  2:17  Drone  
  22  2:32  Zergling x2  
  23  3:00  Extractor  
  23  3:05  Drone, Spine Crawler  
  22  3:07  Queen  
  24  3:14  Drone x3  
  27  3:33  Drone  
  28  3:37  Hatchery  
  25  3:46  Zergling x2  
  26  3:52  Zergling x2  
  26  4:07  Zergling x2  
  27  4:13  Metabolic Boost  
  27  4:15  Queen  
  29  4:25  Drone x3  
  32  4:51  Lair  
  29  5:09  Spine Crawler  
  29  5:10  Spine Crawler  
  15  5:38  Spawning Pool  
  6  5:55  Drone  
  7  6:18  Drone  
  7  6:43  Zergling x4  
  9  6:47  Zergling x2  
  10  7:12  Extractor, Drone x3  
  12  7:33  Drone  
  13  7:52  Spire  
  12  8:09  Zergling x2  
  12  8:11  Drone  
  14  8:29  Drone  
  14  8:33  Drone  
  16  8:39  Drone  
  17  8:47  Zergling x2  
  18  8:52  Drone  
  19  9:02  Zergling x2  
  20  9:17  Overlord x2  
Tags
 
Add a new tag
Caveats
  • Supply blocks, unpowered buildings, or Contaminate may cause inaccurate times.
  • Supply counts are checked every 10 seconds.